 Dungeon Crawl Stone Soup version 0.31-a0-521-gc7390f8997 (webtiles) character file.

Game seed: 2385738602593616375

2125 jlumianski the Ducker (level 9, -1/63 HPs)
             Began as a Djinni Fire Elementalist on Aug 11, 2023.
             Was an Initiate of Makhleb.
             Slain by a manticore (22 damage)
             ... on level 7 of the Dungeon.
             The game lasted 00:41:00 (6358 turns).

jlumianski the Ducker (Djinni Fire Elementalist)    Turns: 6358, Time: 00:41:03

Health: -1/63      AC:  6    Str:  7    XL:     9   Next: 54%
Gold:   451        EV: 13    Int: 22    God:    Makhleb [......] SH:  0 Dex: 13

rFire   + + +        H - +1 short sword (speed)
rCold   x . .        (no shield)
rNeg    . . .        f - +0 leather armour
rPois   ∞            D - +1 hat
rElec   .            F - +1 cloak {rPois}
rCorr   .            (no gloves)
SInv    .            (boots unavailable)
Will    .....        O - amulet of regeneration
Stlth   +++          i - ring of wizardry
HPRegen 1.10/turn    r - ring of protection from fire
MPRegen 0.00/turn

%: wizardry (x1), infuse magic (-2 HP)
@: flying
A: sickness immunity, fire resistance 2, cold vulnerability 1, float, innate
caster, HP casting, extra vitality 1
a: Renounce Religion


You were on level 7 of the Dungeon.
You worshipped Makhleb.
Makhleb was noncommittal.
You visited 2 branches of the dungeon, and saw 9 of its levels.

You collected 451 gold pieces.

Inventory:

Hand Weapons
 d - a +0 dagger
 q - a +0 long sword
 z - a +2 dagger of venom
 E - a +3 quarterstaff of chaos
 H - a +1 short sword of speed (weapon)
Missiles
 k - 4 curare-tipped darts
 v - a throwing net
 K - 14 poisoned darts (quivered)
 Q - 7 boomerangs
Armour
 a - a +0 robe
 e - a +0 helmet
 f - a +0 leather armour (worn)
 y - a +1 ring mail of fire resistance
 D - a +1 hat (worn)
 F - a +1 cloak of poison resistance (worn)
 T - the +0 kite shield "Ugijub" {*Slow Fly Regen+ Str+6}
   (You took it off a gnoll on level 7 of the Dungeon)

   Str+6:     It affects your strength (+6).
   Fly:       It grants you flight.
   Regen+:    It increases your rate of health regeneration.
   *Slow:     It may slow you when you take damage.
Magical Staves
 A - a staff of cold
Jewellery
 i - a ring of wizardry (left hand)
 r - a ring of protection from fire (right hand)
 O - an amulet of regeneration (around neck)
Wands
 x - a wand of polymorph (22)
 G - a wand of flame (23)
 R - a wand of charming (12)
 S - a wand of acid (8)
Scrolls
 c - 2 scrolls of noise
 m - a scroll of poison {unknown}
 n - a scroll of enchant weapon {unknown}
 o - 2 scrolls of immolation
 p - a scroll of fear
 t - 2 scrolls of vulnerability
 w - a scroll of revelation
 C - a scroll of blinking
 I - 2 scrolls of teleportation
 J - a scroll of fog
 M - a scroll of enchant armour {unknown}
Potions
 b - 3 potions of degeneration
 g - a potion of attraction
 h - 2 potions of resistance
 j - a potion of might
 l - 2 potions of heal wounds
 s - a potion of magic
 u - a potion of lignification
 B - a potion of enlightenment
 L - 4 potions of curing
 N - a potion of invisibility
 P - a potion of mutation {unknown}
 U - 2 potions of brilliance {unknown}


   Skills:
 * Level 4.4 Fighting
 * Level 4.0 Short Blades
 + Level 3.3 Armour
 * Level 6.2 Dodging
 * Level 5.2 Stealth
 * Level 4.7 Spellcasting
 * Level 4.7 Conjurations
 * Level 4.7 Hexes
 * Level 4.7 Summonings
 * Level 4.7 Necromancy
 * Level 4.7 Translocations
 * Level 4.7 Transmutations
 * Level 4.7 Fire Magic
 * Level 4.7 Ice Magic
 * Level 4.7 Air Magic
 * Level 4.7 Earth Magic
 * Level 4.7 Poison Magic


You knew the following spells:

 Your Spells              Type           Power      Damage    Failure   Level
a - Foxfire               Conj/Fire      100%       2x1d9     1%          1
b - Scorch                Fire           52%        2d7       1%          2
c - Volatile Blastmotes   Fire/Tloc      52%        2d14      2%          3
d - Inner Flame           Hex/Fire       26%        N/A       2%          3
e - Flame Wave            Conj/Fire      26%        2d8       9%          4
f - Sandblast             Erth           52%        2d12      1%          1
g - Call Imp              Summ           52%        N/A       1%          2
h - Gell's Gravitas       Tloc           26%        N/A       2%          3
i - Summon Ice Beast      Ice/Summ       26%        N/A       9%          4
Your spell library was empty.

Dungeon Overview and Level Annotations

Branches:
Dungeon (8/15)             Temple (1/1) D:4
   Lair: D:8-11

Altars:
Elyvilon
Fedhas
Gozag
Hepliaklqana
Makhleb
Nemelex Xobeh
Okawaru
Qazlal
Ru
Trog
Uskayaw
Wu Jian
Xom
Yredelemnul
Zin
The Shining One
Lugonu


Innate Abilities, Weirdness & Mutations

You are immune to sickness and miasma.
You are immune to poison.
Your flesh is very heat resistant. (rF++)
You are vulnerable to cold. (rC-)
You float through the air rather than walking.
You learn spells naturally, not from books.
Your magical power is your life essence.
You have superior vitality. (+4 MHP)


Message History

You reach down and open the door.
There is an open door here.
The helpless manticore fails to defend itself.
You puncture the manticore!
The manticore is moderately wounded.
Casting: Call Imp (safe; 1% risk of failure)
Confirm with . or Enter, or press ? or * to list all spells.
Flames lash the manticore.
The manticore is heavily wounded.
The manticore's fire resistance burns away.
The manticore closely misses you.
The manticore claws you but does no damage.
The manticore closely misses you.
Casting: Scorch (safe; 1% risk of failure)
Confirm with . or Enter, or press ? or * to list all spells.
Flames lash the manticore.
The manticore is burned terribly!
The manticore is severely wounded.
The manticore bites you but does no damage.
The manticore barely misses you. The manticore closely misses you.
Your cerulean imp hits the manticore but does no damage.
You hit the manticore but do no damage.
The manticore is severely wounded.
The manticore bites you! The manticore barely misses you.
The manticore claws you.
Your ice beast barely misses the manticore.
You completely miss the manticore. Your punch misses the manticore.
The manticore is severely wounded.
Your cerulean imp barely misses the manticore.
You hit the manticore.
The manticore is severely wounded.
The manticore barely misses you. The manticore claws you.
The manticore claws you!
Your ice beast hits the manticore but does no damage.
Casting: Scorch (safe; 1% risk of failure)
Confirm with . or Enter, or press ? or * to list all spells.
Flames lash the manticore.
The manticore is burned terribly!
The manticore is almost dead.
Your cerulean imp hits the manticore but does no damage.
The manticore bites you!!
You die...

#.# #.#
######### #.#
........# #.#
........# #.#
......>.# #.#
........# #.#
.......H# ###.#
......Y@###.#.#
........5.†.#.#
........###.#.#
............#.#
.......!....#.#
..........#.#.#
#+#......<#.#.#
#.#####.#.#.#
#. #)#.#.#


You could see a manticore (combustible, ally target), a friendly ice beast
(summoned) and a friendly cerulean imp (summoned).

Vanquished Creatures
  Pikel (D:7)
  Edmund (D:5)
  2 black bears
  An ogre (D:5)
  A centaur (D:7)
  A phantom (D:4)
  2 kobold brigands
  3 lemures (D:7)
  2 bullfrogs
  A gnoll sergeant (D:5)
  A scorpion (D:4)
  2 hounds
  An orc priest (D:4)
  Crazy Yiuf (D:3)
  Ijyb (D:3)
  An iguana (D:5)
  2 orc wizards
  Robin (D:3)
  17 gnolls
  7 adders
  A shadow imp (D:6)
  A white imp (D:6)
  A worm (D:2)
  2 dart slugs
  8 orcs
  6 ball pythons
  8 endoplasms
  4 giant cockroaches
  14 goblins
  8 hobgoblins
  3 jackals (D:2)
  18 kobolds
  2 quokkas
  2 bats
  3 frilled lizards
  A kobold skeleton (D:6)
  A kobold zombie (D:6)
  2 orc skeletons (D:6)
  5 orc zombies (D:6)
  5 rats
144 creatures vanquished.

Vanquished Creatures (collateral kills)
  A wraith (D:8)
  A sleepcap (D:7)
  A gnoll bouda (D:7)
  A gnoll (D:7)
  A foxfire (D:6)
5 creatures vanquished.

Vanquished Creatures (others)
  A human (D:7)
  240 foxfires
241 creatures vanquished.

Grand Total: 390 creatures vanquished

Notes
Turn   | Place    | Note
-------+----------+-------------------------------------------
     0 | D:1      | jlumianski the Djinni Fire Elementalist began the quest for
                  | the Orb.
     0 | D:1      | jlumianski set off with the following spells memorised:
                  | Foxfire, Scorch, Volatile Blastmotes, Inner Flame, Flame
                  | Wave.
     0 | D:1      | Reached XP level 1. HP: 15/15 MP: 0/0
   133 | D:1      | Reached XP level 2. HP: 19/21 MP: 0/0
   499 | D:2      | Reached skill level 3 in Dodging
   499 | D:2      | Reached XP level 3. HP: 22/25 MP: 0/0
   499 | D:2      | Learned a level 1 spell: Sandblast
  1234 | D:2      | Reached XP level 4. HP: 31/31 MP: 0/0
  1595 | D:3      | Noticed Robin
  1869 | D:3      | Killed Robin
  1974 | D:2      | Reached skill level 1 in Armour
  1974 | D:2      | Reached XP level 5. HP: 32/36 MP: 0/0
  1974 | D:2      | Learned a level 2 spell: Call Imp
  2224 | D:3      | Noticed Ijyb
  2234 | D:3      | Killed Ijyb
  2542 | D:3      | Reached XP level 6. HP: 37/41 MP: 0/0
  2748 | D:3      | Found a runed translucent door.
  2749 | D:3      | Noticed Crazy Yiuf
  2950 | D:3      | Killed Crazy Yiuf
  2951 | D:3      | Reached skill level 1 in Fighting
  3159 | D:5      | Entered Level 5 of the Dungeon
  3291 | D:4      | Reached skill level 1 in Short Blades
  3423 | D:4      | Found a staircase to the Ecumenical Temple.
  3442 | Temple   | Entered the Ecumenical Temple
  3589 | D:4      | Reached XP level 7. HP: 43/47 MP: 0/0
  3589 | D:4      | Learned a level 3 spell: Gell's Gravitas
  3642 | D:4      | Reached skill level 4 in Dodging
  4159 | D:5      | Noticed Edmund
  4173 | D:5      | Killed Edmund
  4189 | D:5      | Reached XP level 8. HP: 46/55 MP: 0/0
  4669 | D:6      | Reached skill level 5 in Dodging
  4899 | D:5      | Found an ornate altar of the Wu Jian Council.
  4899 | D:5      | Found a bloodstained altar of Trog.
  4968 | D:5      | Noticed a +0 dagger
  4969 | D:5      | Noticed a +0 hand axe
  4970 | D:5      | Found a hide-covered altar of Uskayaw.
  5143 | D:6      | Found a glowing golden altar of the Shining One.
  5294 | D:7      | Noticed a manticore
  5680 | D:6      | Found an iron altar of Okawaru.
  5680 | D:6      | Found a glowing silver altar of Zin.
  5682 | D:6      | Found a sparkling altar of Nemelex Xobeh.
  5682 | D:6      | Found a burning altar of Makhleb.
  5685 | D:6      | Became a worshipper of Makhleb the Destroyer
  6017 | D:7      | Noticed Pikel
  6029 | D:7      | Killed Pikel
  6030 | D:7      | Reached skill level 5 in Stealth
  6030 | D:7      | Reached XP level 9. HP: 32/62 MP: 0/0
  6030 | D:7      | Learned a level 4 spell: Summon Ice Beast
  6098 | D:7      | Reached skill level 6 in Dodging
  6139 | D:7      | Identified the +0 kite shield "Ugijub" {*Slow Fly Regen+
                  | Str+6}
  6358 | D:7      | Slain by a manticore

Illustrated notes

Levels and vault maps discovered:
D:1:      dpeg_arrival_tiny_d, layout_loops_ring
D:2:      layout_loops_ring, minmay_hexomino_f4
D:3:      layout_loops_ring, nicolae_titane, uniq_ijyb, uniq_crazy_yiuf_cottage,
          uniq_robin
D:4:      layout_basic, minmay_temple_entry_overgrown
D:5:      layout_loops_ring, dancing_weapons_uskayaw,
          gammafunk_temple_overflow_statue, minmay_misc_feat_five, uniq_edmund
D:6:      layout_gridville, nicolae_tso_besieged_by_evil,
          mainiacjoe_overflow_alcove_3
D:7:      layout_basic, slow_altar_2, tgw_kikubaaqudgha, uniq_pikel
D:8:      layout_basic, mainiacjoe_overflow_swirl
Temple:   corrupted_temple

Skill      XL: |  1  2  3  4  5  6  7  8  9 |
---------------+----------------------------+-----
Spellcasting   | 4 |  4.7
Conjurations   | 4 |  4.7
Hexes          | 4 |  4.7
Summonings     | 4 |  4.7
Necromancy     | 4 |  4.7
Translocations | 4 |  4.7
Transmutations | 4 |  4.7
Fire Magic     | 4 |  4.7
Ice Magic      | 4 |  4.7
Air Magic      | 4 |  4.7
Earth Magic    | 4 |  4.7
Poison Magic   | 4 |  4.7
Stealth        | 2 3 4 5 |  5.2
Dodging        | 3 4 5 6 |  6.2
Armour         | 1 2 3 |  3.3
Fighting       | 1 2 4 |  4.4
Short Blades   | 1 2 3 4 |  4.0

Action                     |  1- 3 |  4- 6 |  7- 9 || total
---------------------------+-------+-------+-------++-------
  Melee: Dagger            |    18 |     9 |       ||    27
         Short sword       |       |    12 |    54 ||    66
   Cast: Foxfire           |    34 |    41 |    65 ||   140
         Scorch            |       |    30 |    43 ||    73
         Volatile Blastmot |       |    17 |    14 ||    31
         Call Imp          |       |     3 |     8 ||    11
         Gell's Gravitas   |       |       |     2 ||     2
         Summon Ice Beast  |       |       |     4 ||     4
    Use: Potion            |     4 |     1 |     2 ||     7
         Scroll            |     1 |     3 |     8 ||    12
   Stab: Sleeping          |     5 |     2 |     2 ||     9
         Distracted        |       |       |     1 ||     1
 Armour: Leather armour    |     8 |    20 |    36 ||    64
         Robe              |     3 |       |       ||     3
  Dodge: Dodged            |    18 |    43 |    57 ||   118

Table legend: (Time is in decaauts)
 A = Elapsed time spent in this place.
 B = Non-inter-level travel time spent in this place.
 C = Inter-level travel time spent in this place.
 D = Time resting spent in this place.
 E = Time spent auto-exploring this place.
 F = Levels seen in this place.
 G = Mean time per level.
                   A        B        C        D        E       F      G
               +--------+--------+--------+--------+--------+-----+--------+
         Total |   6349 |   6242 |    107 |    993 |   2922 |   9 |  705.4 |
       Dungeon |   6316 |   6209 |    107 |    993 |   2922 |   8 |  789.5 |
        Temple |     33 |     33 |      0 |      0 |      0 |   1 |   33.0 |
               +--------+--------+--------+--------+--------+-----+--------+

Top non-repeatable levels by time:
     D:2: 1244 daAuts
     D:3: 993 daAuts
     D:4: 949 daAuts
     D:1: 891 daAuts
     D:5: 799 daAuts
     D:6: 789 daAuts
     D:7: 579 daAuts
     D:8: 69 daAuts
  Temple: 33 daAuts
